 Dungeon Crawl Stone Soup version 0.31.0-4-g52a2dc7128 (webtiles) character file.

Game seed: 14443363870762771920

1547635 Flugkiller the Spry (level 25, 135/135 HPs)
             Began as a Spriggan Alchemist on Jan 21, 2024.
             Was the Champion of Ru.
             Escaped with the Orb
             ... and 3 runes!
             The game lasted 03:06:20 (79497 turns).

Flugkiller the Spry (Spriggan Alchemist)           Turns: 79497, Time: 03:06:21

Health: 135/135    AC:  6    Str:  6    XL:     25   Next: 90%
Magic:  54/54      EV: 49    Int: 35    God:    Ru [******]
Gold:   3559       SH:  0    Dex: 34    Spells: 1/57 levels left

rFire   + . .        b - +9 hand cannon (freeze)
rCold   . . .        (shield unavailable)
rNeg    . . .        G - +1 robe "Heliz" {rElec rPois rF+ Will+}
rPois   +            O - +3 hat of Pondering {ponderous, Will+ MP+10 Int+5}
rElec   +            W - scarf of the Quahog {+Inv, Will- Str+3 Dex+8}
rCorr   .            (gloves unavailable)
SInv    +            (boots unavailable)
Will    +++++        u - amulet "Hodeof" {Spirit Int+3}
Stlth   ++           (ring unavailable)
HPRegen 0.42/turn    o - +6 ring of dexterity
MPRegen 0.34/turn

%: clarity, guardian spirit
@: studying 4 skills, very quick
A: very small, no large weapons, unfitting armour, see invisible, speed 3,
inability to drink after injury 2, missing a hand, inability to train armour,
unskilled 1, fangs 1, camouflage 1, clarity, clever 1
0: Orb of Zot
}: 3/15 runes: barnacled, slimy, gossamer
a: Renounce Religion, Evoke Invisibility, Draw Out Power, Power Leap, Apocalypse


You escaped.
You worshipped Ru.
Ru was exalted by your worship.
You visited 11 branches of the dungeon, and saw 51 of its levels.
You also visited: Trove, Gauntlet, Ice Cave and Wizlab.

You collected 8667 gold pieces.
You spent 5108 gold pieces at shops.

Inventory:

Hand Weapons
 b - a +9 hand cannon of freezing (weapon)
   (You found it in an ice cave)
Missiles
 K - 16 curare-tipped darts
 Z - 11 throwing nets
Armour
 c - a +2 robe of resistance
   (You took it off an orc sorcerer on level 2 of the Orcish Mines)
 l - a +2 cloak of preservation
   (You took it off Nikola on level 2 of the Shoals)
 G - the +1 robe "Heliz" (worn) {rElec rPois rF+ Will+}
   (You found it on level 7 of the Dungeon)

   rF+:       It protects you from fire.
   rElec:     It insulates you from electricity.
   rPois:     It protects you from poison Will+: It increases your willpower.
 O - the +3 hat of Pondering (worn) {ponderous, Will+ MP+10 Int+5}
   (You bought it in a shop on level 2 of the Orcish Mines)

   Int+5:     It affects your intelligence (+5).
   Will+:     It increases your willpower.
   MP+10:     It affects your magic capacity (+10).
 W - the scarf of the Quahog (worn) {+Inv, Will- Str+3 Dex+8}
   (You bought it in a shop on level 3 of the Dungeon)

   Str+3:     It affects your strength (+3).
   Dex+8:     It affects your dexterity (+8).
   Will-:     It decreases your willpower.
 Y - a scarf of resistance
   (You found it in a Gauntlet)
Jewellery
 o - a +6 ring of dexterity (right hand)
   (You found it on level 3 of the Lair of Beasts)
 p - a ring of protection from fire
   (You found it on level 8 of the Dungeon)
 u - the amulet "Hodeof" (around neck) {Spirit Int+3}
   (You found it in a treasure trove)

   [amulet of guardian spirit]

   Spirit:    It causes incoming damage to be divided between your reserves of
   health and magic.
   Int+3:     It affects your intelligence (+3).
 y - a +6 ring of strength
   (You bought it in a shop on level 3 of the Dungeon)
 L - the ring of Pufodd {Will++ Slay+4 Stlth+}
   (You found it on level 2 of the Lair of Beasts)

   [ring of slaying]

   Slay+4:    It affects your accuracy & damage with ranged weapons and melee
   (+4).
   Will++:    It greatly increases your willpower.
   Stlth+:    It makes you more stealthy.
 P - the ring of Miracles {rElec rC+}
   (You took it off a necromancer in an ice cave)

   [ring of protection from cold]

   rC+:       It protects you from cold.
   rElec:     It insulates you from electricity.
Wands
 e - a wand of charming (40)
   (You found it on level 8 of the Dungeon)
 k - a wand of quicksilver (7)
   (You found it on level 2 of the Spider Nest)
 F - a wand of digging (13)
   (You found it on level 5 of the Dungeon)
 I - a wand of iceblast (44)
   (You took it off an orc on level 7 of the Dungeon)
 M - a wand of mindburst (26)
   (You found it on level 2 of the Lair of Beasts)
 T - a wand of flame (121)
   (You took it off an orc priest on level 10 of the Dungeon)
Scrolls
 f - 3 scrolls of butterflies
 i - 6 scrolls of fog
 j - 10 scrolls of fear
 s - 6 scrolls of vulnerability
 t - 14 scrolls of teleportation
 z - 4 scrolls of blinking
 B - 2 scrolls of silence
 J - 2 scrolls of immolation
 N - 10 scrolls of poison
Potions
 a - 5 potions of magic
 d - 9 potions of might
 h - 4 potions of haste
 n - 5 potions of resistance
 q - 20 potions of curing
 w - 4 potions of heal wounds
 x - 4 potions of enlightenment
 A - 5 potions of mutation
 D - 8 potions of invisibility
 Q - 5 potions of cancellation
 R - 10 potions of ambrosia
 U - 4 potions of berserk rage
 V - 3 potions of brilliance
Miscellaneous
 g - a phial of floods
   (You found it in a Gauntlet)
 E - a sack of spiders
   (You found it in a Gauntlet)
 S - a tin of tremorstones (2/2)
   (You found it on level 5 of the Lair of Beasts)
 X - a phantom mirror
   (You found it on level 15 of the Dungeon)


   Skills:
 - Level 15.0 Fighting
 - Level 18.0 Ranged Weapons
 - Level 20.0 Dodging
 - Level 3.6 Stealth
 + Level 16.8 Spellcasting
 - Level 0.5 Conjurations
 - Level 16.0 Summonings
 - Level 13.0 Necromancy
 + Level 13.0 Translocations
 - Level 3.6 Fire Magic
 - Level 6.0 Ice Magic
 - Level 10.1 Alchemy
 - Level 14.0 Evocations


You had one spell level left.
You knew the following spells:

 Your Spells              Type           Power      Damage    Failure   Level
a - Sting                 Conj/Alch      100%       1d9       1%          1
b - Malign Gateway        Summ/Tloc      46%        N/A       2%          7
c - Olgreb's Toxic Radia  Alch           79%        N/A       1%          4
d - Dispersal             Tloc           44%        N/A       1%          6
e - Ignite Poison         Fire/Alch      67%        N/A       1%          4
f - Death Channel         Necr           44%        N/A       1%          6
g - Ozocubu's Armour      Ice            64%        N/A       1%          3
h - Fugue of the Fallen   Necr           88%        N/A       1%          3
i - Monstrous Menagerie   Summ           48%        N/A       1%          7
j - Haunt                 Necr/Summ      46%        N/A       2%          7
k - Summon Horrible Thin  Summ           48%        N/A       12%         8

Your spell library contained the following spells:

 Spells                   Type           Power      Damage    Failure   Level
 Necrotise                Necr           100%       1d9       0%          1
 Summon Small Mammal      Summ           100%       N/A       0%          1
 Freeze                   Ice            100%       1d10      1%          1
 Shock                    Conj/Air       100%       1d9       1%          1
 Blink                    Tloc           100%       N/A       0%          2
 Lesser Beckoning         Tloc           100%       N/A       0%          2
 Call Canine Familiar     Summ           96%        N/A       0%          3
 Cigotuvi's Dreadful Rot  Necr/Alch/Air  100%       N/A       1%          2
 Ensorcelled Hibernation  Hex/Ice        100%       N/A       1%          2
 Mercury Vapours          Alch/Air       100%       N/A       1%          2
 Momentum Strike          Conj/Tloc      100%       3d10      1%          2
 Scorch                   Fire           100%       2d9       1%          2
 Frozen Ramparts          Ice            100%       1d16      1%          3
 Gell's Gravitas          Tloc           88%        N/A       1%          3
 Hailstorm                Conj/Ice       51%        3d10      1%          3
 Mephitic Cloud           Conj/Alch/Air  53%        N/A       1%          3
 Summon Ice Beast         Ice/Summ       82%        N/A       1%          3
 Teleport Other           Tloc           88%        N/A       1%          3
 Vampiric Draining        Necr           88%        2d12      1%          3
 Volatile Blastmotes      Fire/Tloc      100%       2d18      1%          3
 Anguish                  Hex/Necr       33%        N/A       1%          4
 Animate Dead             Necr           88%        N/A       1%          4
 Dimensional Bullseye     Hex/Tloc       33%        N/A       1%          4
 Dispel Undead            Necr           88%        3d28      1%          4
 Fulminant Prism          Conj/Alch      30%        3d15      1%          4
 Iskenderun's Mystic Bla  Conj/Tloc      67%        2d14      1%          4
 Manifold Assault         Tloc           88%        N/A       1%          4
 Martyr's Knell           Necr/Summ      92%        N/A       1%          4
 Passage of Golubria      Tloc           88%        N/A       1%          4
 Sticky Flame             Fire/Alch      67%        2d11      1%          4
 Summon Blazeheart Golem  Fire/Summ      78%        N/A       1%          4
 Vhi's Electric Charge    Tloc/Air       100%       N/A       1%          4
 Curse of Agony           Necr           88%        N/A       1%          5
 Summon Mana Viper        Hex/Summ       71%        N/A       1%          5
 Summon Cactus Giant      Summ           48%        N/A       1%          6
 Sigil of Binding         Hex            29%        N/A       3%          3
 Swiftness                Air            29%        N/A       3%          3
 Tukima's Dance           Hex            29%        N/A       3%          3
 Yara's Violent Unravell  Hex/Alch       29%        3d12      4%          5
 Flame Wave               Conj/Fire      43%        2d11      5%          4
 Sculpt Simulacrum        Ice/Alch       36%        N/A       7%          6
 Metabolic Englaciation   Hex/Ice        25%        N/A       10%         5
 Brom's Barrelling Bould  Conj/Erth      31%        2d5       11%         4
 Airstrike                Air            14%        2d(3-19)  12%         4
 Fireball                 Conj/Fire      21%        3d10      14%         5
 Freezing Cloud           Conj/Ice/Air   22%        6-21      14%         5
 Iskenderun's Battlesphe  Conj           33%        2d9       28%         5
 Arcjolt                  Conj/Air       15%        1d25      30%         5
 Silence                  Hex/Air        14%        N/A       34%         5
 Borgnjor's Revivificati  Necr           44%        N/A       36%         8
 Disjunction              Tloc           44%        N/A       36%         8
 Infestation              Necr           44%        N/A       36%         8
 Plasma Beam              Fire/Air       21%        2x1d33    65%         6
 Conjure Ball Lightning   Conj/Air       15%        3x3d6     86%         6
 Death's Door             Necr           44%        N/A       99%         9
 Orb of Destruction       Conj           16%        9d7       100%        7
 Ignition                 Fire           26%        3d9       100%        8
 Lehudib's Crystal Spear  Conj/Erth      15%        10d5      100%        8
 Maxwell's Capacitive Co  Air            14%        ∞         100%        8


Dungeon Overview and Level Annotations

Branches:
Dungeon (15/15)            Temple (1/1) D:7            Lair (5/5) D:8
 Shoals (4/4) Lair:3       Spider (4/4) Lair:2        Slime (5/5) Lair:4
    Orc (2/2) D:10            Elf (2/3) Orc:2        Vaults (4/5) D:13
  Crypt (0/3) Vaults:3     Depths (4/4) D:15            Zot (5/5) Depths:4
  IceCv (visited)          WizLab (visited)         Gauntlet (visited)

Altars:
Ashenzari
Cheibriados
Dithmenos
Elyvilon
Fedhas
Gozag
Kikubaaqudgha
Makhleb
Nemelex Xobeh
Okawaru
Ru
Sif Muna
Trog
Uskayaw
Vehumet
Wu Jian
Xom
Yredelemnul
Zin
The Shining One
Jiyva

Shops:
D:2 [   D:3 ::*   D:4 =[[!(   D:5 !   D:9 [   D:15 *!   Orc:2 [?**=[
Elf:1 ([=   Elf:2 *   Shoals:1 =   Shoals:4 ?   Vaults:2 :   Vaults:4 [!
Zot:3 *   Depths:3 :=:

Portals:
Hell: Depths:1 Depths:2 Depths:3 Depths:4
Abyss: Depths:3
Pandemonium: Orc:2 Depths:1 Depths:2
Ziggurat: Depths:1

Annotations:
D:4 exclusion: phantom
D:6 exclusion: wight
D:7 exclusion: water moccasin
D:9 exclusion: manticore
D:10 exclusion: gargoyle
Lair:1 3 runed translucent doors, Sphara's ghost, journeyman DrMo
Lair:2 Megalobster's ghost, journeyman MiBe
Spider:2 3 runed translucent doors, Ikly's ghost, journeyman GrFi
Elf:1 20 runed translucent doors
Elf:2 3 runed translucent doors
Vaults:3 1 runed translucent door, foobar1000's ghost, veteran SpHu
Zot:4 exclusion: upstairs
Zot:5 1 exclusion


Innate Abilities, Weirdness & Mutations

You are very small and have problems with some larger weapons.
You are too small for most types of armour.
You have supernaturally acute eyesight. (SInv)
You cover ground extremely quickly. (Speed+++)
You sometimes lose the ability to drink potions when taking damage.
You are missing a hand.
You cannot train Armour skill.
You are somewhat unskilled. (-1 Apt)
You have very sharp teeth.
Your skin changes colour to match your surroundings (Stealth+).
You possess an exceptional clarity of mind.
Your mind is acute. (Int +4, Str/Dex -1)


Message History

No target in view!
An orange demon comes into view.
There is a stone staircase leading up here.
You climb upwards.
There is a stone staircase leading down here.
You see here a +0 robe.
There is a stone staircase leading up here.
You climb upwards.
There is a stone staircase leading down here.
There is an open door here.
There is an open door here.
An Orb Guardian comes into view.
You shoot a bolt. The bolt hits the Orb Guardian!!
The bolt freezes the Orb Guardian.
The Orb Guardian is moderately wounded.
You shoot a bolt.
The bolt barely misses the Orb Guardian.
You shoot a bolt.
The bolt closely misses the Orb Guardian.
The Orb Guardian hits you!
You shoot a bolt. The bolt hits the Orb Guardian!!!
The bolt freezes the Orb Guardian.
The Orb Guardian is almost dead.
The Orb Guardian misses you.
The Orb Guardian is stunned by your conviction and fails to attack.
You shoot a bolt. The bolt hits the Orb Guardian!!!
The bolt freezes the Orb Guardian.
You kill the Orb Guardian!
No target in view!
No target in view!
There is a stone staircase leading up here.
You climb upwards.
There is a stone staircase leading down here.
Magic restored.
There is an open door here.
There is an open door here.
There is a stone staircase leading up here.
You climb upwards.
There is a stone staircase leading down here.
HP restored.
There is a stone staircase leading up here.
You climb upwards.
Level annotation: exclusion: gargoyle
There is a stone staircase leading down here.
A ynoxinul comes into view.
You shoot a bolt. The bolt barely misses the ynoxinul.
You shoot a bolt. The bolt hits the ynoxinul.
The bolt freezes the ynoxinul.
The ynoxinul is moderately wounded.
You shoot a bolt. The bolt hits the ynoxinul!!!
The bolt freezes the ynoxinul.
You kill the ynoxinul!
No target in view!
No target in view!
There is a stone staircase leading up here.
You climb upwards.
Level annotation: exclusion: manticore
There is a stone staircase leading down here.
There is an open door here.
A lorocyproca comes into view.
The lorocyproca moves out of view.
There is a stone staircase leading up here.
You climb upwards.
There is a stone staircase leading down here.
There is a stone staircase leading up here.
You climb upwards.
Level annotation: exclusion: water moccasin
There is a stone staircase leading down here.
There is a stone staircase leading up here.
You climb upwards.
Level annotation: exclusion: wight
There is a stone staircase leading down here.
You see here a +0 hand axe.
Things that are here:
a +0 war axe; a +0 hand axe You see here a +0 whip.
Things that are here:
a +0 ring mail; a +0 spear
Things that are here:
a +0 spear; a +0 halberd
There is a stone staircase leading up here.
You climb upwards.
There is a stone staircase leading down here.
There is a stone staircase leading up here.
You climb upwards.
Level annotation: exclusion: phantom
There is a stone staircase leading down here.
There is a stone staircase leading up here.
You climb upwards.
There is a stone staircase leading down here.
You see here a +0 spear.
You see here a +0 short sword.
There is a stone staircase leading up here.
You climb upwards.
There is a stone staircase leading down here.
There is a stone staircase leading up here.
You climb upwards.
There is a stone staircase leading down here.
There is a staircase leading out of the dungeon here.
Unknown command.
Enter note: gg You have escaped!

...###### #.....# #....^....
##......######.....######..######
##.####.........#..........#
##.##...#.#....#.#....#.#..#
##.##.#....#..##.##..#.....#
.#.##......#..#...#..#....##
...##.#.#..#..#...#..#..#.# #
.#.##.#..###.........###..# #
...##.##......#.@.#......## #
..............#...#....### #
#########......###....###########
# ##......#.....##......... #
#............##.#.....#.
##########..##.....##..#.#...#...
##.........###.....###.#.###.#...
##.######..##.#...#.##.#...÷.###.
....# #.....###...###..###.#.....


There were no monsters in sight!

Vanquished Creatures
  the Royal Jelly (Slime:5)
  Mara (Shoals:4)
  Xtahua (Vaults:3)
  A juggernaut (Depths:2)
  Bai Suzhen (Shoals:3)
  2 Killer Klowns (Zot:4)
  Margery (Vaults:2)
  A curse toe (Zot:2)
  4 caustic shrikes (Depths:4)
  Saint Roka (Vaults:1)
  the Enchantress (Depths:3)
  Jory (Vaults:2)
  4 golden dragons
  2 bone dragons (Depths:4)
  9 tentacled monstrosities
  A hellephant (Vaults:2)
  2 krakens
  An Orb Guardian (D:13)
  2 liches
  8 sphinxes
  Polyphemus (Shoals:2)
  2 death cobs
  15 acid blobs
  4 quicksilver dragons
  4 tengu reavers
  Agnes (Spider:3)
  Donald (Spider:1)
  11 azure jellies
  4 shadow dragons
  11 storm dragons
  3 draconian monks
  6 fire giants
  A protean progenitor (Zot:3)
  9 rockslimes
  A deep elf sorcerer (Elf:2)
  2 emperor scorpions
  3 draconian knights
  A draconian shifter (Zot:2)
  4 vault wardens
  A deep elf elementalist (Elf:1)
  3 iron dragons (Depths:2)
  A balrug (Depths:3)
  6 frost giants
  3 ghost moths
  4 draconian scorchers
  A spectral caustic shrike (Depths:4)
  2 draconian stormcallers
  4 spriggan defenders (Depths:3)
  6 quicksilver oozes
  3 formless jellyfish
  14 ironbound preservers
  The ghost of Amac the Carver, a journeyman DsFi of Hepliaklqana (Elf:1)
  6 stone giants
  7 ironbound thunderhulks
  A draconian annihilator (Zot:2)
  12 very ugly things
  Nessos (Orc:2)
  2 deep elf death magi
  A deep elf demonologist (Elf:2)
  10 dire elephants
  A black draconian (Depths:4)
  5 purple draconians
  2 vampire knights
  3 deep elf annihilators
  6 red draconians
  7 green draconians
  4 war gargoyles
  7 yellow draconians
  11 spark wasps
  A minotaur (Gauntlet)
  7 white draconians
  An orange crystal statue (WizLab)
  An eidolon (Depths:3)
  4 fire dragons
  8 ettins
  6 merfolk javelineers
  A crystal guardian (Vaults:2)
  2 deep elf high priests
  9 yaktaur captains
  7 entropy weavers
  8 merfolk impalers
  A green death (Depths:1)
  8 ice dragons
  5 vault guards
  5 rakshasas
  A hell beast (Depths:3)
  7 great orbs of eyes
  3 peacekeepers
  5 jorogumos
  6 spriggan air magi
  11 hydras
  6 ironbound frosthearts
  11 centaur warriors
  A demonspawn (Orc:2)
  A radroach (Spider:4)
  3 merfolk aquamancers
  3 catoblepae
  4 merfolk avatars
  7 satyrs
  15 dancing weapons
  4 deep troll shamans
  5 boulder beetles
  8 two-headed ogres
  An alligator snapping turtle (Shoals:4)
  3 death yaks (Shoals:2)
  3 demonic crawlers (Spider:4)
  5 orc high priests
  2 tengu warriors
  2 death scarabs (Spider:3)
  Urug (Lair:2)
  A vampire mage (Vaults:3)
  3 occultists (D:15)
  6 spriggan berserkers
  3 hell knights
  12 deep troll earth magi
  Nergalle (Lair:2)
  12 deep elf knights
  3 sun demons
  Sonja (Lair:4)
  A soul eater (Vaults:3)
  Amaemon (Lair:2)
  7 skeletal warriors
  4 skysharks
  4 pharaoh ants
  2 goliath frogs (Zot:3)
  6 iron trolls
  2 sixfirhies
  Lodul (D:12)
  8 sea snakes
  A flayed ghost (Depths:2)
  A mana viper (shapeshifter) (Depths:1)
  5 glowing orange brains
  61 deep trolls
  11 deep elf archers
  An orb spider (shapeshifter) (Depths:4)
  A sun moth (shapeshifter) (Vaults:2)
  3 sun moths
  4 arcanists
  11 orb spiders
  6 lindwurms
  2 phantasmal warriors (Depths:3)
  8 ironbound convokers
  5 steelbarb worms
  26 deep elf zephyrmancers
  38 ugly things
  6 necromancers
  12 wolf spiders
  8 orc knights
  20 deep elf pyromancers
  13 cyclopes
  13 manticores
  22 harpies
  3 shining eyes
  20 fauns
  8 orc sorcerers (Orc:2)
  A toenail golem (D:15)
  Maurice (D:12)
  A worldbinder (Gauntlet)
  24 moths of wrath
  An ice statue (IceCv)
  2 meliai (Spider:4)
  A kobold blastminer (Orc:1)
  7 merfolk sirens
  10 vault sentinels
  2 eyes of devastation
  6 elephants
  6 black mambas
  5 torpor snails
  4 water nymphs
  12 cane toads
  A centaur skeleton (D:15)
  A hellion (Depths:2)
  3 gargoyles
  An orange demon (Lair:2)
  5 rime drakes
  6 freezing wraiths
  Psyche (D:11)
  12 komodo dragons
  A tengu conjurer (Depths:3)
  2 tormentors
  An efreet (D:15)
  22 yaktaurs
  2 anaconda simulacra (IceCv)
  10 ice devils (IceCv)
  6 wind drakes
  A tyrant leech (Lair:5)
  3 trolls
  A red devil (Orc:2)
  31 merfolk
  8 polar bears
  A wolf spider simulacrum (D:15)
  A glass eye (shapeshifter) (Vaults:1)
  19 blink frogs
  2 hellwings (Orc:2)
  5 hornets
  3 glass eyes
  22 tarantellas
  22 dream sheep
  A wind drake (shapeshifter) (Depths:2)
  22 jumping spiders
  3 snapping turtles
  23 culicivoras
  83 slime creatures
  3 air elementals
  A ynoxinul (D:10)
  7 spriggans
  18 water elementals
  11 wyverns
  52 yaks
  2 wraiths
  A yak (shapeshifter) (D:13)
  A dire elephant simulacrum (IceCv)
  4 basilisks
  A death yak simulacrum (IceCv)
  4 fire elementals
  3 humans
  2 redbacks (shapeshifter) (Depths:2)
  10 vampire mosquitoes
  A basilisk (shapeshifter) (Elf:1)
  3 wargs
  4 steam dragons
  2 swamp worms (Gauntlet)
  2 harpy simulacra (IceCv)
  42 redbacks
  2 hydra simulacra (IceCv)
  11 water moccasins
  A hell hound (Depths:1)
  Duvessa (D:4)
  31 orc warriors
  10 black bears
  4 ice beasts
  3 laughing skulls
  17 ogres
  4 boggarts
  12 wolves
  11 centaurs
  7 kobold brigands
  19 bullfrogs
  2 gnoll sergeants
  3 earth elementals
  5 cane toad simulacra (IceCv)
  A two-headed ogre simulacrum (IceCv)
  4 scorpions
  2 wights (D:8)
  Dowan (D:4)
  3 elephant simulacra (IceCv)
  6 killer bees (D:11)
  10 howler monkeys
  6 electric eels
  A bombardier beetle (D:6)
  8 jellies
  29 orc priests
  A gnoll bouda (D:6)
  A hound (D:6)
  4 iguanas
  11 orc wizards
  2 sleepcaps
  9 hell rats
  7 polar bear simulacra (IceCv)
  2 troll simulacra (IceCv)
  A spriggan simulacrum (IceCv)
  4 wolf simulacra (IceCv)
  A boggart simulacrum (D:15)
  24 gnolls
  12 adders
  2 white imps (IceCv)
  2 ufetubi (D:5)
  4 dart slugs
  2 ribbon worms
  60 orcs
  17 endoplasms
  6 giant cockroaches
  4 goblins
  6 hobgoblins
  4 jackals (D:5)
  8 quokkas
  10 ball pythons
  10 bats
  4 frilled lizards
  A jackal skeleton (D:3)
  A jackal zombie (D:3)
  19 kobolds
  3 rats
  An aspiring flesh (Zot:2)
  2 tentacles
1884 creatures vanquished.

Vanquished Creatures (collateral kills)
  Vv (Zot:4)
  Nikola (Shoals:2)
  2 golden dragons (Zot:2)
  Arachne (Spider:4)
  6 tentacled monstrosities
  2 quicksilver dragons
  An eldritch tentacle (Zot:2)
  A death cob (Zot:2)
  4 acid blobs
  A tengu reaver (Depths:3)
  5 shadow dragons
  2 storm dragons
  Ilsuiw (Shoals:3)
  2 rockslimes
  3 protean progenitors (Zot:2)
  2 draconian monks
  A draconian knight (Zot:4)
  4 draconian shifters
  2 ghost moths
  A vault warden (Vaults:3)
  3 spectral caustic shrikes (Depths:4)
  A draconian scorcher (Zot:4)
  3 draconian stormcallers
  4 ironbound preservers
  3 very ugly things
  A formless jellyfish (Slime:3)
  A draconian annihilator (Zot:2)
  A stone giant (Depths:4)
  9 black draconians
  3 green draconians
  2 dire elephants (Vaults:1)
  A spark wasp (Spider:2)
  3 red draconians
  2 white draconians
  3 purple draconians
  2 yellow draconians (Zot:4)
  A merfolk javelineer (Shoals:4)
  A merfolk impaler (Shoals:1)
  2 entropy weavers
  An ettin (Zot:2)
  A great orb of eyes (Vaults:1)
  2 ice dragons
  A rakshasa (D:15)
  A hydra (Lair:5)
  An ogre mage (D:15)
  A radroach (Spider:4)
  2 jorogumos (Zot:2)
  An ironbound frostheart (Vaults:2)
  2 deep troll shamans (Depths:4)
  A deep troll earth mage (Depths:3)
  A death yak (Shoals:2)
  A dancing weapon (Elf:1)
  3 demonic crawlers
  A deep elf knight (Elf:1)
  5 iron trolls
  5 skysharks
  A goliath frog (Lair:5)
  2 pharaoh ants
  10 deep trolls
  2 sun moths (Spider:4)
  3 sea snakes
  6 orb spiders (Spider:4)
  A tengu zombie (Vaults:3)
  An orc knight (Vaults:1)
  3 harpies
  A steelbarb worm (Spider:4)
  2 deep elf pyromancers (Elf:1)
  2 ugly things (Depths:4)
  6 wolf spiders
  4 manticores
  A frost giant zombie (Vaults:3)
  3 shining eyes
  3 fauns
  2 moths of wrath
  A merfolk siren (Shoals:4)
  3 vault sentinels
  A meliai (Spider:4)
  A frost giant skeleton (Vaults:3)
  3 torpor snails (Spider:3)
  7 cane toads
  A yaktaur (Vaults:1)
  2 tyrant leeches
  6 merfolk
  9 tarantellas
  2 wind drakes (Shoals:1)
  2 dream sheep (Lair:4)
  2 snapping turtles (Shoals:2)
  5 blink frogs (Lair:5)
  15 slime creatures
  9 jumping spiders
  4 culicivoras
  A water elemental (Shoals:2)
  14 redbacks
  4 vampire mosquitoes (Lair:5)
  3 water moccasins
  2 laughing skulls (D:15)
  3 bullfrogs (Lair:5)
  An earth elemental (Elf:1)
  An electric eel (Lair:5)
  An orc priest (Vaults:1)
275 creatures vanquished.

Vanquished Creatures (others)
  A quicksilver dragon (Zot:4)
  24 eldritch tentacles
  A rockslime (Slime:4)
  An ironbound preserver (Vaults:3)
  2 stone giants
  A black draconian (Zot:2)
  A red draconian (Depths:4)
  A white draconian (Zot:4)
  A hydra (D:14)
  A demonic crawler (Spider:2)
  A skyshark (Lair:5)
  A skeletal warrior (D:15)
  A pharaoh ant (Spider:1)
  2 deep trolls (Vaults:4)
  A deep elf pyromancer (Elf:2)
  A deep elf zephyrmancer (Elf:2)
  A harpy (Shoals:4)
  A manticore (Depths:1)
  An orange demon (Orc:2)
  A tengu conjurer (D:15)
  A troll (D:13)
  2 slime creatures
  2 culicivoras
  2 redbacks
  A hell hound (Depths:1)
  17 tentacles
70 creatures vanquished.

Grand Total: 2229 creatures vanquished

Notes
Turn   | Place    | Note
-------+----------+-------------------------------------------
     0 | D:1      | Flugkiller the Spriggan Alchemist began the quest for the
                  | Orb.
     0 | D:1      | Reached XP level 1. HP: 9/9 MP: 5/5
   297 | D:1      | Reached XP level 2. HP: 13/13 MP: 4/7
   457 | D:1      | You fall into a shaft and drop 1 floor!
   721 | D:1      | Reached XP level 3. HP: 16/16 MP: 3/9
  1483 | D:2      | Found Jaicw's Armour Boutique.
  1570 | D:2      | Reached skill level 1 in Fighting
  1761 | D:2      | Reached XP level 4. HP: 22/22 MP: 7/11
  2071 | D:3      | Found a runed translucent door.
  2071 | D:3      | Noticed a human
  2235 | D:3      | Found a basalt altar of Yredelemnul.
  2376 | D:3      | Found Letoxkoo's Book Shoppe.
  2382 | D:3      | Found Fuucemm's Book Boutique.
  2469 | D:3      | Learned a level 2 spell: Mercury Vapours
  2704 | D:4      | Found Wappugec's Antique Armour Emporium.
  2762 | D:4      | Noticed a phantom
  2793 | D:4      | Noticed an ogre
  2864 | D:4      | Reached skill level 5 in Alchemy
  2864 | D:4      | Reached XP level 5. HP: 25/25 MP: 4/12
  2966 | D:4      | Killed an ogre
  3034 | D:4      | Reached XP level 6. HP: 30/30 MP: 10/13
  3076 | D:4      | Found a transporter.
  3076 | D:4      | Found Tovaifu's Jewellery Shop.
  3086 | D:4      | Noticed Duvessa
  3086 | D:4      | Noticed Dowan
  3127 | D:4      | Killed Duvessa
  3158 | D:4      | Killed Dowan
  3352 | D:4      | Reached XP level 7. HP: 33/33 MP: 11/14
  3514 | D:4      | Found a transporter.
  3602 | D:4      | Found Zylemn's Armour Shop.
  3635 | D:4      | Found an opulent altar of Gozag.
  3741 | D:4      | Found a bloodstained altar of Trog.
  3756 | D:4      | Found Aqoinaud's Antique Weapon Emporium.
  3779 | D:4      | Found Zaep's Distillery.
  3807 | D:4      | Learned a level 4 spell: Olgreb's Toxic Radiance
  4307 | D:4      | Bought a potion of curing for 33 gold pieces
  4466 | D:3      | Killed a human
  4699 | D:3      | Found an ancient bone altar of Kikubaaqudgha.
  4954 | D:3      | Found Beruf's Assorted Antiques.
  4957 | D:3      | Bought a glowing brass ring for 80 gold pieces
  4957 | D:3      | Bought a shiny pearl ring for 80 gold pieces
  4958 | D:3      | Bought a pitted robe for 91 gold pieces
  4958 | D:3      | Identified the +1 robe of Adocec {rN+} (You bought it in a
                  | shop on level 3 of the Dungeon)
  5208 | D:5      | Entered Level 5 of the Dungeon
  5211 | D:5      | Reached skill level 5 in Spellcasting
  5469 | D:5      | Reached skill level 3 in Dodging
  5630 | D:5      | Reached skill level 4 in Dodging
  5630 | D:5      | Reached XP level 8. HP: 33/39 MP: 10/18
  5681 | D:5      | Identified the +2 scale mail of Subjectivity {*Corrode
                  | Str+6 Dex+7}
  5916 | D:5      | Reached skill level 5 in Dodging
  6022 | D:5      | Found Yddea's Distillery.
  6397 | D:6      | Reached skill level 6 in Dodging
  6588 | D:6      | Reached skill level 7 in Dodging
  6693 | D:6      | Found a glowing golden altar of the Shining One.
  6939 | D:6      | Reached skill level 8 in Dodging
  6942 | D:6      | Reached skill level 1 in Fire Magic
  7363 | D:6      | Reached XP level 9. HP: 44/44 MP: 4/19
  7988 | D:7      | Found a staircase to the Ecumenical Temple.
  8149 | Temple   | Entered the Ecumenical Temple
  8173 | Temple   | Became a worshipper of Ru the Awakened
  8213 | D:7      | Identified the +1 robe "Heliz" {rElec rPois rF+ Will+}
  8768 | D:7      | Reached skill level 10 in Alchemy
  9482 | D:8      | Learned a level 4 spell: Sticky Flame
  9548 | D:8      | Reached skill level 5 in Evocations
  9551 | D:8      | Reached skill level 1 in Shields
  9691 | D:8      | Gained mutation: You are missing a hand. [Ru sacrifice]
  9691 | D:8      | Reached * piety under Ru
  9691 | D:8      | Reached ** piety under Ru
  9691 | D:8      | Reached *** piety under Ru
  9896 | D:8      | Found a hide-covered altar of Uskayaw.
  9932 | D:8      | Found a staircase to the Lair.
 10296 | D:8      | Reached XP level 10. HP: 49/49 MP: 13/20
 10385 | D:8      | Found a white marble altar of Elyvilon.
 10503 | D:9      | Found a snail-covered altar of Cheibriados.
 10844 | D:9      | Reached skill level 9 in Dodging
 11223 | D:9      | Noticed a manticore
 11302 | D:9      | Noticed a two-headed ogre
 11313 | D:9      | Killed a two-headed ogre
 11314 | D:9      | Reached skill level 10 in Dodging
 11421 | D:9      | Found Oviw's Antique Armour Emporium.
 11621 | D:10     | Entered Level 10 of the Dungeon
 11723 | D:10     | Found a staircase to the Orcish Mines.
 11748 | D:10     | Noticed a gargoyle
 11821 | D:10     | Reached skill level 11 in Dodging
 12363 | D:10     | Found a broken altar of Ashenzari.
 12408 | D:10     | Killed a gargoyle
 12506 | D:10     | Noticed a two-headed ogre
 12519 | D:10     | Killed a two-headed ogre
 12520 | D:10     | Reached skill level 5 in Fighting
 12688 | D:10     | Reached skill level 12 in Dodging
 12689 | D:10     | Reached XP level 11. HP: 56/56 MP: 4/24
 12925 | D:10     | Found a shimmering blue altar of Sif Muna.
 13163 | D:10     | Gained mutation: You occasionally lose the ability to drink
                  | potions when taking damage. [Ru sacrifice]
 13163 | D:10     | Gained mutation: You sometimes lose the ability to drink
                  | potions when taking damage. [Ru sacrifice]
 13163 | D:10     | Reached **** piety under Ru
 13688 | D:3      | Bought an Everburning Encyclopedia for 380 gold pieces
 13693 | D:3      | Learned a level 4 spell: Ignite Poison
 13830 | Orc:1    | Entered Level 1 of the Orcish Mines
 13830 | Orc:1    | Noticed an orc knight
 13838 | Orc:1    | Killed an orc knight
 13839 | Orc:1    | Reached skill level 1 in Necromancy
 14551 | Orc:1    | Noticed a two-headed ogre
 14559 | Orc:1    | Killed a two-headed ogre
 14682 | Orc:2    | Entered Level 2 of the Orcish Mines
 14822 | Orc:2    | Noticed an orc knight
 14828 | Orc:2    | Killed an orc knight
 14949 | Orc:2    | Found Kehuc's Armour Shop.
 14992 | Orc:2    | Noticed Nessos
 15001 | Orc:2    | Killed Nessos
 15133 | Orc:2    | Found a staircase to the Elven Halls.
 15430 | Orc:2    | Noticed an orc knight
 15453 | Orc:2    | Killed an orc knight
 15595 | Orc:2    | Found Ackowan's Magic Scroll Boutique.
 15597 | Orc:2    | Noticed a sun demon
 15602 | Orc:2    | Reached skill level 10 in Spellcasting
 15611 | Orc:2    | Killed a sun demon
 15701 | Orc:2    | Found Pipoul's General Store.
 15727 | Orc:2    | Reached skill level 5 in Necromancy
 16381 | Orc:2    | Reached XP level 12. HP: 61/61 MP: 23/27
 17181 | Orc:2    | Noticed a demonspawn
 17181 | Orc:2    | Noticed an orc high priest
 17308 | Orc:2    | Killed a demonspawn
 17350 | Orc:2    | Killed an orc high priest
 17560 | Orc:2    | Noticed an orc high priest
 17565 | Orc:2    | Killed an orc high priest
 17772 | Orc:2    | Noticed an orc high priest
 17892 | Orc:2    | Reached skill level 10 in Necromancy
 17899 | Orc:2    | Learned a level 6 spell: Death Channel
 18003 | Orc:2    | Found Liats's Jewellery Emporium.
 18003 | Orc:2    | Found Bufu's Antique Armour Shoppe.
 18298 | Orc:2    | Killed an orc high priest
 18362 | Orc:2    | Found a one-way gate leading to the halls of Pandemonium.
 18403 | Orc:2    | Found Libotsyst's Gadget Gallery.
 18723 | Orc:2    | Gained mutation: You are somewhat unskilled. (-1 Apt) [Ru
                  | sacrifice]
 18723 | Orc:2    | Reduced skill Fighting to level 5
 18723 | Orc:2    | Reduced skill Dodging to level 11
 18723 | Orc:2    | Reduced skill Alchemy to level 10
 18723 | Orc:2    | Reached ***** piety under Ru
 19275 | Lair:1   | Entered Level 1 of the Lair of Beasts
 19275 | Lair:1   | Noticed a boulder beetle
 19279 | Lair:1   | Killed a boulder beetle
 19280 | Lair:1   | Reached skill level 10 in Necromancy
 19470 | Lair:1   | Reached XP level 13. HP: 56/64 MP: 22/27
 20929 | Lair:1   | Found a runed translucent gate.
 20930 | Lair:1   | Found a runed translucent gate.
 20930 | Lair:1   | Found a runed translucent gate.
 20931 | Lair:1   | Noticed Sphara's ghost (journeyman DrMo)
 21207 | Lair:2   | Noticed Amaemon
 21214 | Lair:2   | Killed Amaemon
 21392 | Lair:2   | Found a hole to the Spider Nest.
 21546 | Lair:2   | Noticed Urug
 21557 | Lair:2   | Killed Urug
 21558 | Lair:2   | Reached skill level 5 in Evocations
 21684 | Lair:2   | Noticed Nergalle
 21722 | Lair:2   | Killed Nergalle
 22089 | Lair:2   | Found a runed translucent door.
 22093 | Lair:2   | Noticed Megalobster's ghost (journeyman MiBe)
 23371 | Lair:2   | Identified the ring of Pufodd {Will++ Slay+4 Stlth+}
 23970 | Lair:3   | Found a staircase to the Shoals.
 24188 | Lair:3   | Reached XP level 14. HP: 57/70 MP: 8/28
 24933 | D:3      | Bought a pitted scarf for 160 gold pieces
 24933 | D:3      | Identified the scarf of the Quahog {+Inv, Will- Str+3
                  | Dex+8} (You bought it in a shop on level 3 of the Dungeon)
 25148 | Lair:3   | Reached skill level 10 in Spellcasting
 25317 | Lair:4   | Noticed Sonja
 25324 | Lair:4   | Killed Sonja
 25354 | Lair:4   | Reached skill level 12 in Dodging
 25544 | Lair:4   | Noticed an azure jelly
 25794 | Lair:4   | Gained mutation: You cannot train Armour skill. [Ru
                  | sacrifice]
 25794 | Lair:4   | Reached ****** piety under Ru
 26248 | Lair:4   | Killed an azure jelly
 26405 | Lair:4   | Found a staircase to the Slime Pits.
 27424 | Lair:5   | Entered Level 5 of the Lair of Beasts
 27444 | Lair:5   | Reached skill level 13 in Dodging
 27492 | Lair:5   | Reached skill level 14 in Dodging
 28039 | Lair:5   | Reached skill level 15 in Dodging
 28043 | Lair:5   | Learned a level 3 spell: Ozocubu's Armour
 28358 | Lair:5   | Reached skill level 1 in Ice Magic
 29259 | D:3      | Bought a book of Beasts for 360 gold pieces
 29539 | D:11     | Found a frozen archway.
 29679 | D:11     | Noticed Psyche
 29685 | D:11     | Killed Psyche
 29800 | IceCv    | Entered an ice cave
 30160 | IceCv    | Reached XP level 15. HP: 73/73 MP: 17/30
 30821 | IceCv    | Found an ancient bone altar of Kikubaaqudgha.
 31115 | IceCv    | Identified the ring "Qigrulou" {rN+ Will+ Int+3}
 31502 | IceCv    | Identified the ring of Miracles {rElec rC+}
 31538 | IceCv    | Reached skill level 5 in Ice Magic
 32101 | D:12     | Noticed Lodul
 32101 | D:12     | Found a blossoming altar of Fedhas.
 32106 | D:12     | Killed Lodul
 32273 | D:12     | Noticed Maurice
 32280 | D:12     | Killed Maurice
 33228 | D:13     | Found a portal to a secret trove of treasure.
 33665 | D:13     | Reached skill level 1 in Summonings
 33788 | D:13     | Learned a level 5 spell: Curse of Agony
 34673 | D:13     | Found a gate to the Vaults.
 34952 | D:14     | Found an iron altar of Okawaru.
 35155 | D:14     | Identified the +10 sling "Atiat" {drain, rPois rC++}
 35464 | D:14     | Found a glowing silver altar of Zin.
 35479 | D:15     | Entered Level 15 of the Dungeon
 35503 | D:15     | Found a gate leading to a gauntlet.
 35557 | Gauntlet | Entered a Gauntlet
 35557 | Gauntlet | Found a transporter.
 35557 | Gauntlet | Found a transporter.
 35557 | Gauntlet | Found a runed translucent door.
 35557 | Gauntlet | Found a runed translucent door.
 35620 | Gauntlet | Found a transporter.
 35624 | Gauntlet | Found a transporter.
 35635 | Gauntlet | Found a transporter.
 35636 | Gauntlet | Found a transporter.
 35644 | Gauntlet | Found a transporter.
 35661 | Gauntlet | Found a transporter.
 35676 | Gauntlet | Found a transporter.
 35680 | Gauntlet | Found a transporter.
 35688 | Gauntlet | Found a transporter.
 35692 | Gauntlet | Found a transporter.
 36108 | Gauntlet | Identified the ring "Asaism" {rPois rF- rN+ Dex+6}
 36375 | Gauntlet | Identified the +3 ring mail of Dim Light {rF- Dex+3}
 36375 | Gauntlet | Identified the staff of Res Ipsa Loquitur {rElec rPois
                  | Str-5 Int+3 Dex+3 Alchemy}
 37476 | D:15     | Found Ubby's Neck Hole.
 37483 | D:15     | Found Mielet's Distillery.
 37561 | D:15     | Reached skill level 5 in Summonings
 37804 | D:15     | Reached XP level 16. HP: 38/77 MP: 15/33
 38095 | D:15     | Bought a potion of heal wounds for 95 gold pieces
 38095 | D:15     | Bought a potion of resistance for 190 gold pieces
 38095 | D:15     | Bought a potion of invisibility for 152 gold pieces
 38095 | D:15     | Bought a potion of invisibility for 152 gold pieces
 38148 | D:15     | Found a staircase to the Depths.
 39207 | D:4      | Bought scorched fire dragon scales for 1235 gold pieces
 39207 | D:4      | Identified the +10 fire dragon scales of Habrela {*Slow
                  | rF++ rC- Str+8} (You bought it in a shop on level 4 of the
                  | Dungeon)
 39453 | D:13     | You paid a toll of +10 fire dragon scales to enter a
                  | treasure trove
 39454 | Trove    | Entered a treasure trove
 39467 | Trove    | Identified the amulet "Hodeof" {Spirit Int+3}
 39469 | Trove    | Identified the ring "Wibeqourch" {Ice rPois Dex+2}
 39475 | Trove    | Identified the ring "Fiargh" {*Corrode rElec rPois Int+3}
 39477 | Trove    | Identified the ring "Huuwnaub" {Ice rPois Str+3 Dex-5}
 39479 | Trove    | Identified the amulet of Sovereignty {rF+ Regen+}
 39481 | Trove    | Identified the amulet of the Barracuda {RegenMP Stlth+}
 39485 | Trove    | Identified the ring of Incredulity {Ice rPois Will++ Dex-2}
 39486 | Trove    | Identified the ring "Uzxyun" {Ice rN++ Str-5}
 39488 | Trove    | Identified the amulet of Ozushrisoh {RegenMP Will+ Int-3
                  | SInv}
 39489 | Trove    | Identified the amulet of Benevolence {RegenMP Int+3}
 39763 | Spider:1 | Entered Level 1 of the Spider Nest
 39767 | Spider:1 | Reached skill level 1 in Ranged Weapons
 39795 | Spider:1 | Noticed Donald
 39801 | Spider:1 | Killed Donald
 41290 | Spider:2 | Reached skill level 5 in Ranged Weapons
 41633 | Spider:2 | Found a runed translucent gate.
 41633 | Spider:2 | Found a runed translucent gate.
 41741 | Spider:2 | Found a runed translucent gate.
 41750 | Spider:2 | Noticed Ikly's ghost (journeyman GrFi)
 42704 | Spider:3 | Noticed Agnes
 42708 | Spider:3 | Killed Agnes
 42709 | Spider:3 | Reached XP level 17. HP: 66/70 MP: 15/35
 42971 | Spider:4 | Entered Level 4 of the Spider Nest
 43060 | Spider:4 | Noticed Arachne
 43065 | Spider:4 | Reached skill level 10 in Ranged Weapons
 43069 | Spider:4 | Killed Arachne
 44444 | Spider:4 | Got a gossamer rune of Zot
 45383 | Shoals:1 | Entered Level 1 of the Shoals
 45501 | Shoals:1 | Found Kul Ekum's Jewellery Boutique.
 45541 | Shoals:1 | Identified the amulet "Seaton" {RegenMP ^Contam Fly Str+4
                  | Slay+6}
 45721 | Shoals:1 | You fall into a shaft and drop 1 floor!
 45814 | Shoals:2 | Reached XP level 18. HP: 81/88 MP: 26/36
 46044 | Orc:2    | Bought the +3 hat of Pondering {ponderous, Will+ MP+10
                  | Int+5} for 571 gold pieces
 46044 | Orc:2    | Found the +3 hat of Pondering {ponderous, Will+ MP+10
                  | Int+5}
 46586 | Shoals:2 | Noticed Polyphemus
 46611 | Shoals:2 | Killed Polyphemus
 46791 | Shoals:2 | Reached skill level 15 in Ranged Weapons
 46985 | Shoals:2 | Noticed Nikola
 47003 | Shoals:1 | Paralysed by a formless jellyfish for 1 turns
 47665 | Shoals:2 | Killed Nikola
 48596 | Shoals:3 | Noticed Ilsuiw
 48605 | Shoals:3 | Killed Ilsuiw
 49133 | Shoals:4 | Entered Level 4 of the Shoals
 49141 | Shoals:4 | Found Vacvon's Magic Scroll Emporium.
 49155 | Shoals:4 | Bought 2 scrolls of blinking for 180 gold pieces
 49155 | Shoals:4 | Bought a scroll of blinking for 90 gold pieces
 49155 | Shoals:4 | Bought a scroll of butterflies for 48 gold pieces
 49155 | Shoals:4 | Bought a scroll of immolation for 48 gold pieces
 49158 | Shoals:4 | Noticed Bai Suzhen
 49551 | Elf:1    | Entered Level 1 of the Elven Halls
 49574 | Elf:1    | Found a runed translucent gate.
 49574 | Elf:1    | Found a runed translucent gate.
 49574 | Elf:1    | Found a runed translucent gate.
 49575 | Elf:1    | Noticed Amac's ghost (journeyman DsFi)
 49872 | Elf:1    | Reached XP level 19. HP: 75/83 MP: 37/37
 50176 | Elf:1    | Found Bypul's Antique Weapon Emporium.
 50178 | Elf:1    | Found Zumeuhot's Armour Shoppe.
 50180 | Elf:1    | Found Meusynin's Jewellery Emporium.
 50337 | Elf:1    | Found a huge runed translucent gate.
 50350 | Elf:1    | Found a huge runed translucent gate.
 50351 | Elf:1    | Found a huge runed translucent gate.
 50351 | Elf:1    | Found a huge runed translucent gate.
 50352 | Elf:1    | Found a huge runed translucent gate.
 50353 | Elf:1    | Found a huge runed translucent gate.
 50353 | Elf:1    | Found a huge runed translucent gate.
 50353 | Elf:1    | Found a huge runed translucent gate.
 50353 | Elf:1    | Found a huge runed translucent gate.
 50353 | Elf:1    | Found a huge runed translucent gate.
 50354 | Elf:1    | Found a huge runed translucent gate.
 50354 | Elf:1    | Found a huge runed translucent gate.
 50354 | Elf:1    | Found a huge runed translucent gate.
 50354 | Elf:1    | Found a huge runed translucent gate.
 50354 | Elf:1    | Found a huge runed translucent gate.
 50354 | Elf:1    | Found a huge runed translucent gate.
 50354 | Elf:1    | Found a huge runed translucent gate.
 50354 | Elf:1    | Found a huge runed translucent gate.
 50355 | Elf:1    | Found a huge runed translucent gate.
 50355 | Elf:1    | Found a huge runed translucent gate.
 51564 | Elf:2    | Found Jagajag's General Store.
 51571 | Elf:2    | Bought a potion of cancellation for 80 gold pieces
 51936 | Elf:2    | Found the +3 Mad Mage's Maulers {Infuse+∞ VampMP -Cast}
 52021 | Elf:2    | Found a runed translucent gate.
 52022 | Elf:2    | Found a runed translucent gate.
 52022 | Elf:2    | Found a runed translucent gate.
 52338 | Vaults:1 | Entered Level 1 of the Vaults
 52362 | Vaults:1 | Noticed Saint Roka
 52384 | Vaults:1 | Reached skill level 10 in Fighting
 52386 | Vaults:1 | Killed Saint Roka
 52973 | Vaults:1 | Reached skill level 15 in Spellcasting
 52997 | Vaults:1 | Identified the +0 arbalest of Hedodwem {elec, +Blink rElec
                  | Will- Int+3}
 53314 | Vaults:1 | Reached XP level 20. HP: 96/102 MP: 40/40
 53515 | Vaults:2 | Reached skill level 10 in Evocations
 53544 | Vaults:2 | Identified the +10 war axe "Giantslayer" {speed, rElec
                  | Will++ Str+2 Stlth+}
 53636 | Vaults:2 | Noticed Margery
 53665 | Vaults:2 | Killed Margery
 53942 | Vaults:2 | Found Dobreott's Book Boutique.
 53959 | Vaults:2 | Noticed Jory
 54130 | Vaults:2 | You fall into a shaft and drop 1 floor!
 54237 | Vaults:3 | Identified the +10 rapier of Callousness {flame, rF+ rC-
                  | rN+}
 54345 | Vaults:3 | Reached skill level 16 in Dodging
 55048 | Vaults:3 | Found a runed translucent door.
 55049 | Vaults:3 | Found a shimmering altar of Xom.
 55049 | Vaults:3 | Noticed foobar1000's ghost (veteran SpHu)
 55345 | Vaults:3 | Found a staircase to the Crypt.
 55906 | Vaults:3 | Noticed Xtahua
 55934 | Vaults:3 | Killed Xtahua
 56039 | Vaults:4 | Reached skill level 17 in Dodging
 56296 | Vaults:4 | Found Nuliuw's Distillery.
 57240 | Vaults:4 | Reached XP level 21. HP: 110/110 MP: 41/41
 57327 | Vaults:4 | Found Plog's Armour Shoppe.
 58563 | Vaults:2 | Killed Jory
 58781 | D:9      | Bought a fading robe for 159 gold pieces
 58781 | D:9      | Identified the +1 robe "Esuexuah" {rC++ Slay+3} (You bought
                  | it in a shop on level 9 of the Dungeon)
 59140 | Shoals:3 | Killed Bai Suzhen
 59141 | Shoals:3 | Reached skill level 18 in Dodging
 59367 | Shoals:4 | Got a barnacled rune of Zot
 59375 | Shoals:4 | Noticed Mara
 59737 | Shoals:4 | Identified the +4 chain mail "Seonwoj" {Str+4}
 59967 | Shoals:4 | Killed Mara
 59968 | Shoals:4 | Reached skill level 19 in Dodging
 60014 | Shoals:4 | Found a blossoming altar of Fedhas.
 61120 | Depths:1 | Entered Level 1 of the Depths
 61462 | Depths:1 | Reached skill level 20 in Dodging
 61898 | Depths:1 | Found a one-way gateway to a ziggurat.
 62207 | Depths:1 | Found a gateway to Hell.
 62813 | Depths:2 | Identified a scroll of acquirement
 63029 | Depths:2 | Identified the +7 rapier of Actus Reus {heavy, Fly Dex+3}
 63180 | Depths:2 | Reached XP level 22. HP: 99/104 MP: 39/42
 63507 | Depths:2 | Noticed a juggernaut
 63523 | Depths:2 | Killed a juggernaut
 63670 | Depths:2 | Identified the +6 chain mail of Uskayaw's Condemnation
                  | {^Drain Fly rElec Will-}
 63872 | Depths:2 | Reached skill level 10 in Summonings
 64409 | Depths:2 | Acquired 883 gold pieces
 64516 | Depths:3 | Found a one-way gate to the infinite horrors of the Abyss.
 64880 | Depths:3 | Noticed the Enchantress
 64892 | Depths:3 | Killed the Enchantress
 65197 | Depths:3 | Found Tinub's Book Boutique.
 65197 | Depths:3 | Found Igguynuc's Jewellery Shoppe.
 65231 | Depths:3 | Found Gecwail's Book Boutique.
 66291 | Depths:3 | Learned a level 3 spell: Fugue of the Fallen
 66334 | Depths:4 | Entered Level 4 of the Depths
 66451 | Depths:4 | Noticed a caustic shrike
 66459 | Depths:4 | Noticed a caustic shrike
 66460 | Depths:4 | Killed a caustic shrike
 66460 | Depths:4 | Noticed a caustic shrike
 66464 | Depths:4 | Noticed a caustic shrike
 66465 | Depths:4 | Killed a caustic shrike
 66630 | Depths:4 | Killed a caustic shrike
 66631 | Depths:4 | Reached XP level 23. HP: 51/94 MP: 17/43
 66791 | Depths:4 | Killed a caustic shrike
 66803 | Depths:4 | Found a magical portal.
 66817 | WizLab   | Entered Wucad Mu's Monastery
 66955 | WizLab   | Found the crystal ball of Wucad Mu {*channel}
 66995 | WizLab   | Reached XP level 24. HP: 105/105 MP: 43/43
 67222 | Depths:4 | Identified the +9 falchion "Pueduost" {venom, rC+ Dex+4}
 67539 | Depths:3 | Found the +3 Elemental Staff {ele, rElec rF+ rC+ AC+3}
 67900 | Depths:4 | Reached skill level 15 in Summonings
 67903 | Depths:4 | Found a gate to the Realm of Zot.
 68515 | Slime:1  | Entered Level 1 of the Pits of Slime
 68571 | Slime:1  | Found a viscous altar of Jiyva.
 68758 | Slime:1  | Learned a level 7 spell: Monstrous Menagerie
 68766 | Slime:1  | Learned a level 7 spell: Haunt
 68775 | Slime:1  | Learned a level 8 spell: Summon Horrible Things
 68846 | Shoals:1 | Learned a level 7 spell: Malign Gateway
 68959 | Slime:1  | Reached skill level 1 in Translocations
 69153 | Slime:3  | Gained mutation: You are weak. (Str -2) [a shining eye]
 69157 | Slime:3  | Gained mutation: You are clumsy. (Dex -2) [a shining eye]
 69636 | Slime:5  | Entered Level 5 of the Pits of Slime
 69657 | Slime:5  | Reached skill level 5 in Translocations
 70005 | Slime:5  | Found a viscous altar of Jiyva.
 70021 | Slime:5  | Noticed the Royal Jelly
 70548 | Slime:5  | Killed the Royal Jelly
 70945 | Slime:5  | Gained mutation: You are very clumsy. (Dex -4) [a shining
                  | eye]
 70954 | Slime:5  | Gained mutation: You are frail. (-10% HP) [a shining eye]
 71475 | Slime:5  | Got a slimy rune of Zot
 71536 | Slime:5  | Identified the ring "Fosiha" {Ice Will+ Int+2 Dex+3}
 71539 | Slime:5  | Identified the staff of Revolt {MP+9 Dex+3 Stlth+ Conj}
 71556 | Slime:5  | Identified the +1 swamp dragon scales of Yredelemnul,
                  | Holding {-Cast *Slow rElec rPois SInv}
 71581 | Slime:5  | Identified the +9 scimitar of Turmoil {freeze, rPois Str+8
                  | Dex+4}
 71696 | Lair:4   | Lost mutation: You are frail. (-10% HP) [potion of
                  | mutation]
 71696 | Lair:4   | Lost mutation: You are weak. (Str -2) [potion of mutation]
 71696 | Lair:4   | Lost mutation: You are very clumsy. (Dex -4) [potion of
                  | mutation]
 71696 | Lair:4   | Gained mutation: Your movements are slightly less
                  | encumbered by armour. (ER -2) [potion of mutation]
 71696 | Lair:4   | Gained mutation: You occasionally lose the ability to read
                  | scrolls when taking damage. [potion of mutation]
 71696 | Lair:4   | Lost mutation: You are clumsy. (Dex -2) [potion of
                  | mutation]
 71697 | Lair:4   | Lost mutation: Your movements are slightly less encumbered
                  | by armour. (ER -2) [potion of mutation]
 71697 | Lair:4   | Lost mutation: You occasionally lose the ability to read
                  | scrolls when taking damage. [potion of mutation]
 71697 | Lair:4   | Gained mutation: You possess an exceptional clarity of
                  | mind. [potion of mutation]
 71697 | Lair:4   | Gained mutation: You are weak. (Str -2) [potion of
                  | mutation]
 71697 | Lair:4   | Gained mutation: You are partially covered in large bone
                  | plates. (SH +4) [potion of mutation]
 71697 | Lair:4   | Gained mutation: Your mind is acute. (Int +4, Str/Dex -1)
                  | [potion of mutation]
 71698 | Lair:4   | Lost mutation: You are partially covered in large bone
                  | plates. (SH +4) [potion of mutation]
 71698 | Lair:4   | Lost mutation: You are weak. (Str -2) [potion of mutation]
 71698 | Lair:4   | Gained mutation: Your skin changes colour to match your
                  | surroundings (Stealth+). [potion of mutation]
 71698 | Lair:4   | Gained mutation: You have very sharp teeth. [potion of
                  | mutation]
 72161 | Zot:1    | Entered Level 1 of the Realm of Zot
 72189 | Zot:1    | Identified the +0 plate armour of Piokukhing {Int+2}
 72202 | Zot:1    | Reached skill level 10 in Translocations
 72642 | Orc:2    | Bought a scroll of revelation for 90 gold pieces
 72725 | Elf:1    | Killed Amac's ghost
 73400 | Zot:2    | Reached XP level 25. HP: 106/128 MP: 17/44
 74108 | Zot:2    | Identified the +2 spear of Sozeodi {freeze, rF+ rN+ Str-4}
 74856 | Zot:3    | Found Borureg's Changing Room.
 74893 | Zot:3    | Bought a potion of mutation for 144 gold pieces
 74893 | Zot:3    | Bought a potion of mutation for 144 gold pieces
 75401 | Zot:3    | You fall into a shaft and drop 1 floor!
 75670 | Zot:4    | Noticed a Killer Klown
 75715 | Zot:4    | Killed a Killer Klown
 76225 | Zot:4    | Noticed a Killer Klown
 76235 | Zot:4    | Killed a Killer Klown
 76915 | Zot:4    | Noticed Vv
 76968 | Zot:4    | Killed Vv
 77572 | Zot:3    | Reached skill level 15 in Fighting
 78732 | Depths:3 | Bought a book of the Warp for 546 gold pieces
 78739 | Depths:3 | Learned a level 6 spell: Dispersal
 78890 | Zot:5    | Entered Level 5 of the Realm of Zot
 78916 | Zot:5    | Noticed an ancient lich
 78923 | Zot:5    | Noticed a Killer Klown
 78923 | Zot:5    | Noticed an orb of fire
 78923 | Zot:5    | Noticed an ancient lich
 78923 | Zot:5    | Noticed a dread lich
 78923 | Zot:5    | Noticed a Killer Klown
 78923 | Zot:5    | Noticed a dread lich
 78923 | Zot:5    | Noticed a dread lich
 78928 | Zot:5    | Got the Orb of Zot
 79496 | D:1      | gg
 79497 | D:$      | Escaped with the Orb!

Illustrated notes

...###### #.....# #....^....
##......######.....######..######
##.####.........#..........#
##.##...#.#....#.#....#.#..#
##.##.#....#..##.##..#.....#
.#.##......#..#...#..#....##
...##.#.#..#..#...#..#..#.# #
.#.##.#..###.........###..# #
...##.##......#.@.#......## #
..............#...#....### #
#########......###....###########
# ##......#.....##......... #
#............##.#.....#.
##########..##.....##..#.#...#...
##.........###.....###.#.###.#...
##.######..##.#...#.##.#...÷.###.
....# #.....###...###..###.#.....


Turn 79496 on D:1: gg

Levels and vault maps discovered:
D:1:      erik_arrival_blinker_ship, layout_loops_ring, hangedman_decor_points
D:2:      layout_rooms, serial_shops, shop
D:3:      layout_basic, dk_yredelemnul_ordeal, lemuel_crystal_altar,
          serial_shops, shop, shop, shop
D:4:      layout_cave_pods, amcnicky_altar_gilded, mainiacjoe_overflow_catwalk,
          serial_shops, kennysheep_mini, nicolae_shop_window_shopping, shop,
          nicolae_shop_drivethru, shop, uniq_duvessa
D:5:      layout_loops_ring, serial_shops, nicolae_diamond_shop
D:6:      minmay_evil_eye, layout_basic, worldfamousw_hep_ancestral_shrine,
          tso_oasis_becter
D:7:      layout_cave_pools, temple_doors_e, grunt_ministairs_13,
          minmay_stone_trees_small, serial_library_hellmonk_layered_room
D:8:      layout_loops_corners, nicolae_elyvilon_peaceful_grove,
          lemuel_crystal_altar, dpeg_oklobed_lair, minmay_quadrilaterals
D:9:      layout_roguey, marbit_many_paths, slow_altar_1, serial_shops,
          shop_statue
D:10:     minmay_distorted_concentric_squares, layout_loops_cross,
          nicolae_overflow_crystal_walls, nicolae_sif_muna_condensation,
          chequers_big_river
D:11:     layout_small_grid, portal_ice_cave_entry_pillars_1, uniq_psyche
D:12:     layout_roguey, fedhas_altar_3, uniq_maurice, uniq_lodul
D:13:     layout_grid_maze, hellmonk_vaults_keyhole,
          nicolae_trove_entry_isolated
D:14:     layout_rooms, okawaru_trees_2, nicolae_eternal_life, zin_treasury
D:15:     grunt_enter_depths_magical_seal, layout_long_grid,
          nicolae_benzene_ring, serial_shops, shop, gauntlet_entry_generic,
          nicolae_shop_sticking_my_neck_out
Temple:   nicolae_temple_bog_church
Lair:1:   beast_lair_carwin_large_4, layout_cave_pods,
          gammafunk_ghost_hydra_chop, small_statue_intersection
Lair:2:   hellmonk_destroyed_diamonds, layout_cave_pods,
          hellmonk_spider_entry_life_and_decay, gammafunk_ghost_grave,
          beast_lair_carwin_8, uniq_nergalle, uniq_urug, uniq_amaemon
Lair:3:   layout_cave_pods, elwin_shoals_entry_stream, grunt_megastairs_1
Lair:4:   layout_gridlike, nicolae_slime_entry_slimehenge, serial_bayou,
          serial_bayou_lake_a, serial_bayou_pond_b, serial_bayou_pond_d,
          serial_bayou_pond_d, nicolae_lair_time_for_slime,
          infiniplex_staircase_pool_2, uniq_sonja
Lair:5:   minmay_lair_end_frog_pond, layout_cave_pods
Shoals:1: layout_shoals, serial_shops, nicolae_shop_gaudy_bauble,
          nicolae_shoals_water_booths
Shoals:2: cheibrodos_shoals_oceanic_diplomacy, layout_shoals, uniq_polyphemus,
          uniq_nikola
Shoals:3: layout_shoals, nicolae_shoals_nautilus_by_nature, st_cyclops,
          uniq_ilsuiw
Shoals:4: shoals_end_grunt_garden, layout_shoals, serial_shops, shop,
          lemuel_altar_in_water2, nicolae_shoals_arrival_archipelago,
          uniq_bai_suzhen, uniq_mara
Spider:1: cheibrodos_spider_silkery, uniq_donald
Spider:2: layout_spider_delve, ebering_ghost_rock_garden
Spider:3: nicolae_spider_hilbert_zone_5 [nicolae_spider_hilbert_3_sides_1_open,
          nicolae_spider_hilbert_4_sides_1_open,
          nicolae_spider_hilbert_4_sides_1_open,
          nicolae_spider_hilbert_6_sides_1_open,
          nicolae_spider_hilbert_6_sides_1_open], drop_trap, uniq_agnes
Spider:4: johnstein_spider_rune_arachne_lair, drop_trap,
          spiders_nest_ghost_moth_duel
Slime:1:  layout_caves, basic_altar
Slime:2:  layout_caves, basic_altar, nicolae_slime_round_cave
Slime:3:  layout_caves
Slime:4:  layout_caves
Slime:5:  slime_pit_nicolae_block_by_block
Orc:1:    nicolae_orc_accident_2, layout_diamond_mine
Orc:2:    pf_orc_diabolical, layout_diamond_mine, serial_shops,
          nicolae_shop_real_fake_doors, nicolae_shop_gadgets, uniq_nessos
Elf:1:    minmay_elf_arrival_plus, layout_rooms, gammafunk_ghost_split,
          hangedman_elf_represent, minmay_shop_star
Elf:2:    nicolae_elf_blades_crystal_corner, layout_gridlike, serial_shops,
          shop, serial_sigils_hangedman_etch
Vaults:1: v_alt_pattern_1, nicolae_vaults_little_squares_5,
          nicolae_vaults_offset_grid_hallway_4,
          nicolae_vaults_security_offices_5, nicolae_vaults_trapezoid_1,
          nicolae_vaults_shelves_hall, nicolae_vaults_yaktaur_gun_rack,
          nicolae_vaults_bisected_slash, nicolae_vaults_apartment_2,
          nicolae_vaults_more_shelving_1, layout_vaults_maze_bifur,
          uniq_saint_roka
Vaults:2: hangedman_vaults_capsules, nicolae_vaults_big_angled_halls,
          vaults_mumra_hex, ontoclasm_vaults_ring_large, vaults_dpeg_hooks,
          nicolae_vaults_shrinking_rooms_2, nicolae_vaults_little_squares_4,
          ontoclasm_vaults_tryst, vaults_room_door_hall,
          layout_vaults_chaotic_city, serial_shops, shop, uniq_margery,
          uniq_jory
Vaults:3: ebering_ghost_xom, grunt_vaults_funnel, v_misc_4, v_misc_10,
          nicolae_vaults_little_squares_3, vaults_mumra_lcd, v_misc_33,
          nicolae_vaults_trapezoid_2, nicolae_vaults_tetromino_L_1,
          nicolae_vaults_closet_pinwheel_6, nicolae_vaults_angled_halls,
          hangedman_vaults_slice, minmay_crypt_entry_simple_box,
          layout_vaults_quadrants, uniq_xtahua
Vaults:4: nicolae_vaults_shelves_hall, nicolae_vaults_wine_cellar,
          nicolae_vaults_windows_and_doors_thing, grunt_vaults_focal,
          nicolae_vaults_ninety_degrees, nicolae_vaults_variable_pillar_hall,
          ontoclasm_vaults_bender, nicolae_vaults_taking_the_gang_shopping,
          nicolae_vaults_turnstiles, dpeg_vaults_monster_box,
          layout_vaults_ring, serial_shops, shop
Depths:1: layout_long_grid, enter_ziggurat_d, rand_demon_pan_entry_8,
          special_room [special_room_mythical_zoo], minmay_misc_feat_hallway,
          hell_entry, nrook_pool_corridor, roderic_serpentine_path,
          serial_bayou_pond_c, kennysheep_generic_room_5
Depths:2: grunt_arcs, layout_basic, grunt_pan_entry_sceptre,
          serial_sigils_hangedman_snap, grunt_hell_entry_dis_grunt
Depths:3: minmay_concentric_multi, layout_honeycomb, grunt_mini_vestibule,
          abyss_entry, minmay_staircase_windowed_small, minmay_shop_grove,
          serial_bayou_shore_b, firewood_loft, uniq_enchantress
Depths:4: grunt_zot_entry_gee_three, layout_cross, pf_hell_entry_tar_river,
          mu_enter_wizlab_4, bh_walls_and_bars
Zot:1:    layout_concentric_octagons, uniq_parghit
Zot:2:    layout_misc_corridors, grunt_megastairs_2
Zot:3:    layout_gridville, st_small_dragon_hoard_2,
          nicolae_transmutations_shop, st_stairs_13, zot_minivault_6
Zot:4:    layout_twisted_circle, uniq_vv
Zot:5:    layout_misc_corridors, ebering_ghost_inner_flame

Skill      XL: |  1  2  3  4  5  6  7  8  9 10 11 12 13 14 15 16 17 18 19 20 21 22 23 24 25 |
---------------+----------------------------------------------------------------------------+-----
Spellcasting   | 3 4 6 8 10 9 10 12 13 15 16 | 16.8
Alchemy        | 4 5 6 8 10 11 10 | 10.1
Fighting       | 1 2 3 4 5 6 5 6 7 10 11 12 15 | 15.0
Stealth        | 4 3 |  3.6
Dodging        | 4 8 12 11 15 17 20 | 20.0
Fire Magic     | 2 3 4 3 |  3.6
Evocations     | 5 4 7 9 13 14 | 14.0
Shields        | 0 |  0.0
Necromancy     | 5 10 12 13 | 13.0
Ice Magic      | 3 6 |  6.0
Summonings     | 5 8 13 14 15 16 | 16.0
Ranged Weapons | 9 14 17 18 | 18.0
Translocations | 13 | 13.0
Conjurations   | |  0.5

Action                     |  1- 3 |  4- 6 |  7- 9 | 10-12 | 13-15 | 16-18 | 19-21 | 22-24 | 25-27 || total
---------------------------+-------+-------+-------+-------+-------+-------+-------+-------+-------++-------
  Melee: Dagger            |     1 |    10 |    26 |    21 |   461 |    23 |       |       |       ||   542
   Fire: Hand cannon       |       |       |       |       |       |   655 |  1304 |  1146 |   381 ||  3486
  Throw: Dart              |       |       |       |       |       |     1 |       |       |       ||     1
   Cast: Sting             |    79 |    85 |   225 |   136 |   239 |    14 |       |       |       ||   778
         Olgreb's Toxic Ra |       |       |    53 |   166 |   159 |    92 |    47 |    27 |       ||   544
         Sticky Flame      |       |       |    11 |     8 |   162 |    25 |       |       |       ||   206
         Mercury Vapours   |       |       |     1 |       |       |       |       |       |       ||     1
         Ignite Poison     |       |       |       |    35 |    61 |    48 |    24 |    15 |       ||   183
         Death Channel     |       |       |       |       |     5 |    30 |    11 |    11 |     4 ||    61
         Curse of Agony    |       |       |       |       |    12 |       |       |       |       ||    12
         Ozocubu's Armour  |       |       |       |       |       |     1 |       |     1 |       ||     2
         Haunt             |       |       |       |       |       |       |       |     9 |     2 ||    11
         Monstrous Menager |       |       |       |       |       |       |       |     5 |       ||     5
         Summon Horrible T |       |       |       |       |       |       |       |     3 |     6 ||     9
         Fugue of the Fall |       |       |       |       |       |       |       |     1 |       ||     1
         Malign Gateway    |       |       |       |       |       |       |       |       |    25 ||    25
 Invoke: Draw Out Power    |       |       |     1 |     1 |     1 |     3 |     2 |     1 |     2 ||    11
         Sacrifice a Hand  |       |       |     1 |       |       |       |       |       |       ||     1
         Sacrifice Drink   |       |       |       |     1 |       |       |       |       |       ||     1
         Sacrifice Skill   |       |       |       |     1 |       |       |       |       |       ||     1
         Reject Sacrifices |       |       |       |       |     1 |       |       |       |       ||     1
         Power Leap        |       |       |       |       |     9 |     3 |       |     1 |       ||    13
         Apocalypse        |       |       |       |       |     3 |    15 |     7 |    10 |     3 ||    38
         Sacrifice Durabil |       |       |       |       |     1 |       |       |       |       ||     1
Ability: Evoke Invisibilit |       |       |       |       |       |       |     1 |       |       ||     1
  Evoke: Wand              |       |       |       |     6 |    10 |     3 |       |    11 |       ||    30
         Sack of spiders   |       |       |       |       |     1 |     1 |       |     1 |       ||     3
         Phial of floods   |       |       |       |       |     1 |     1 |       |       |       ||     2
         Phantom mirror    |       |       |       |       |       |       |       |     1 |       ||     1
    Use: Scroll            |       |     1 |     9 |     3 |    11 |    16 |     3 |    12 |    10 ||    65
         Potion            |       |       |       |     2 |     2 |     1 |       |     8 |     7 ||    20
   Stab: Sleeping          |     1 |       |       |       |     9 |       |       |       |       ||    10
         Distracted        |       |       |     1 |       |     8 |       |       |       |       ||     9
         Petrified         |       |       |       |       |     7 |       |       |       |       ||     7
         Invisible         |       |       |       |       |     3 |       |       |       |       ||     3
         Paralysed         |       |       |       |       |     3 |       |       |       |       ||     3
 Armour: Robe              |    13 |    13 |    28 |    23 |   118 |   116 |   107 |   155 |    52 ||   625
  Dodge: Dodged            |    21 |    14 |   114 |   105 |   759 |   586 |   418 |   703 |   154 ||  2874
  Block: Buckler           |       |       |    20 |       |       |       |       |       |       ||    20
